 Dungeon Crawl Stone Soup version 0.29-a0-923-g6e406bff71 (webtiles) character file.

Game seed: 1425500904274676302

665 Elmgren the Covered (level 7, -5/57 HPs)
             Began as a Minotaur Fighter on July 28, 2022.
             Slain by a manticore (11 damage)
             ... on level 6 of the Dungeon.
             The game lasted 00:09:44 (7140 turns).

Elmgren the Covered (Minotaur Fighter)              Turns: 7140, Time: 00:09:45

Health: -5/57      AC:  8    Str: 22    XL:     7   Next: 31%
Magic:  6/6        EV:  9    Int:  5    God:
Gold:   237        SH:  5    Dex: 10    Spells: 6/6 levels left

rFire   . . .      SeeInvis .   a - +0 war axe
rCold   . . .      Faith    .   c - +0 buckler
rNeg    . . .      Spirit   .   b - +1 scale mail
rPois   .          Reflect  .   (helmet restricted)
rElec   .          Harm     .   (no cloak)
rCorr   .          Rampage  .   (no gloves)
Will    .....                   (no boots)
Stlth   ..........              (no amulet)
HPRegen 0.19/turn               (no ring)
MPRegen 0.10/turn               (no ring)

@: no status effects
A: horns 2, retaliatory headbutt
a: no special abilities


You were on level 6 of the Dungeon.
You visited 1 branch of the dungeon, and saw 6 of its levels.

You collected 237 gold pieces.

Inventory:

Hand Weapons
 a - a +0 war axe (weapon)
Armour
 b - a +1 scale mail (worn)
 c - a +0 buckler (worn)
Jewellery
 m - an amulet of magic regeneration
Wands
 n - a wand of flame (17)
 s - a wand of light (8)
Scrolls
 l - a scroll of silence
 r - a scroll of magic mapping
Potions
 d - 2 potions of might
 e - a potion of mutation
 f - 2 potions of brilliance
 g - a potion of attraction
 h - 2 potions of haste
 i - 2 potions of lignification
 k - 2 potions of magic
 o - 3 potions of heal wounds
 p - 3 potions of curing {unknown}
 q - a potion of degeneration {unknown}


   Skills:
 - Level 3.6 Fighting
 + Level 6.0 Axes
 + Level 6.6 Armour
 + Level 6.6 Shields


You had 6 spell levels left.
You didn't know any spells.
Your spell library contained the following spells:

 Spells                   Type           Power      Damage    Failure   Level
 Magic Dart               Conj           0%         1d3       85%         1
 Necrotise                Necr           0%         1d4       85%         1
 Call Imp                 Summ           0%         N/A       94%         2
 Passwall                 Tmut/Erth      0%         N/A       94%         2
 Call Canine Familiar     Summ           0%         N/A       99%         3
 Conjure Flame            Conj/Fire      0%         6-21      99%         3
 Ignite Poison            Fire/Tmut/Pois 0%         N/A       99%         3
 Mephitic Cloud           Conj/Pois/Air  0%         N/A       99%         3
 Vampiric Draining        Necr           0%         2d6       99%         3
 Animate Dead             Necr           0%         N/A       100%        4
 Sticky Flame             Conj/Fire      0%         2d3       100%        4
 Agony                    Necr           0%         N/A       100%        5
 Haunt                    Necr/Summ      0%         N/A       100%        7
 Infestation              Necr           0%         N/A       100%        8


Dungeon Overview and Level Annotations

Branches:
Dungeon (6/15)
 Temple: D:4-7

Altars:
Ashenzari


Innate Abilities, Weirdness & Mutations

You have a pair of horns on your head.
You reflexively headbutt those who attack you in melee.


Message History

p - 3 green potions (gained 2)
You see here an orc skeleton.
The adder hisses angrily.
There is an open door, spattered with blood here.
Things that are here:
a +0 shortbow; a centaur skeleton
Found a scroll of teleportation.
There is an open door here.
You hit the adder.
The adder is heavily wounded.
You block the adder's attack.
You hit the adder.
The adder is almost dead.
The adder bites you but does no damage. x2
You barely miss the adder.
The adder is almost dead.
The adder bites you but does no damage. You block the adder's attack.
You miss the adder. Your headbutt misses the adder.
The adder is almost dead.
You hit the manticore but do no damage. Your headbutt misses the manticore.
The manticore bites you! The manticore claws you.
The manticore claws you but does no damage.
You barely miss the manticore. You closely miss the adder.
The adder misses you. The manticore completely misses you.
You furiously retaliate!
You headbutt the manticore! The manticore completely misses you.
The manticore claws you but does no damage.
The adder completely misses you. You furiously retaliate!
You headbutt the adder!
You kill the adder!
You slash the manticore! Your headbutt misses the manticore.
The manticore is heavily wounded.
You block the manticore's attack. The manticore claws you.
The manticore claws you!
You slash the manticore! You headbutt the manticore!
The manticore is almost dead.
The manticore bites you!!
* * * LOW HITPOINT WARNING * * *
The manticore claws you!
You die...

##### #..<# ###.#
#.# #.# #.#
####### ..
#.###..'@†#
....###.##..###H.#
........##.8#!#8.#
#######.##)##:##'#
#)'÷.)#.#..8#
###8..#?'...#
##+##?##+## #?#8.#
##..#


You could see a manticore.

Vanquished Creatures
  2 centaurs (D:6)
  A phantom (D:6)
  An orc priest (D:3)
  2 hounds (D:5)
  2 jellies (D:5)
  2 iguanas (D:5)
  An orc wizard (D:4)
  9 adders
  An ufetubus (D:5)
  A worm (D:4)
  3 dart slugs
  8 orcs
  17 ball pythons
  8 bats
  4 endoplasms
  13 giant cockroaches
  5 hobgoblins
  8 jackals
  3 quokkas
  3 frilled lizards
  5 goblins
  4 kobolds
  A rat (D:3)
104 creatures vanquished.

Notes
Turn   | Place    | Note
-------+----------+-------------------------------------------
     0 | D:1      | Elmgren the Minotaur Fighter began the quest for the Orb.
     0 | D:1      | Reached XP level 1. HP: 19/19 MP: 0/0
    40 | D:1      | Reached XP level 2. HP: 21/26 MP: 1/1
  1093 | D:2      | Reached XP level 3. HP: 31/31 MP: 2/2
  1241 | D:2      | Found a faded altar of an unknown god.
  2627 | D:3      | Reached XP level 4. HP: 33/39 MP: 3/3
  2840 | D:3      | Found a broken altar of Ashenzari.
  2847 | D:3      | Got the Compendium of the Rocks and the Throng
  3225 | D:3      | Identified the +5 mace of Pipej {vorpal, Drain Fly Str+2
                  | Int+9 Dex-2}
  3487 | D:3      | Reached XP level 5. HP: 42/45 MP: 4/4
  3891 | D:3      | Reached skill level 5 in Armour
  3931 | D:4      | Reached skill level 5 in Shields
  4616 | D:5      | Entered Level 5 of the Dungeon
  4628 | D:5      | Reached XP level 6. HP: 32/51 MP: 5/5
  5083 | D:5      | Reached skill level 5 in Axes
  6733 | D:6      | Noticed a boulder beetle
  6743 | D:6      | Noticed a manticore
  6761 | D:6      | Reached XP level 7. HP: 45/57 MP: 6/6
  7140 | D:6      | Slain by a manticore

Illustrated notes

Levels and vault maps discovered:
D:1:      dpeg_arrival_snail, layout_basic
D:2:      minmay_roachtagon, layout_loops_corners,
          hellmonk_ecumenical_altar_arch_garden
D:3:      kb_forest_paths, layout_loops_corners, cheibrodos_ashenzari_chains
D:4:      layout_cave_pools
D:5:      layout_basic
D:6:      minmay_chambers_of_sixes, layout_basic,
          nicolae_hepliaklqana_ecumenical_no_more,
          nicolae_qazlal_style_of_elements, zin_treasury,
          mainiacjoe_overflow_six_doors_small,
          minmay_temple_entry_drinking_statues, serial_shops,
          nicolae_shop_crystal, nicolae_water_bricks

Skill      XL: |  1  2  3  4  5  6  7 |
---------------+----------------------+-----
Armour         | 4 5 6 |  6.6
Shields        | 4 5 6 |  6.6
Axes           | 3 4 5 6 |  6.0
Fighting       | |  3.6

Action                   |  1- 3 |  4- 6 |  7- 9 || total
-------------------------+-------+-------+-------++-------
Melee: War axe           |    90 |   132 |    14 ||   236
       Headbutt          |     9 |    11 |     2 ||    22
  Use: Scroll            |     7 |     7 |       ||    14
       Potion            |       |       |     1 ||     1
Armor: Scale mail        |    56 |    54 |    13 ||   123
Dodge: Dodged            |    45 |    66 |    13 ||   124
Block: Buckler           |    22 |    41 |     7 ||    70

Table legend: (Time is in decaauts)
 A = Elapsed time spent in this place.
 B = Non-inter-level travel time spent in this place.
 C = Inter-level travel time spent in this place.
 D = Time resting spent in this place.
 E = Time spent auto-exploring this place.
 F = Levels seen in this place.
 G = Mean time per level.
                   A        B        C        D        E       F      G
               +--------+--------+--------+--------+--------+-----+--------+
         Total |   7201 |   7105 |     96 |   2522 |   3898 |   6 | 1200.2 |
       Dungeon |   7201 |   7105 |     96 |   2522 |   3898 |   6 | 1200.2 |
               +--------+--------+--------+--------+--------+-----+--------+

Top non-repeatable levels by time:
     D:5: 2115 daAuts
     D:2: 1788 daAuts
     D:3: 1307 daAuts
     D:1: 856 daAuts
     D:4: 726 daAuts
     D:6: 408 daAuts
